MID
KANNAPOLIS INTIMIDATORS @ DELMARVA SHOREBIRDS
07/29/2044
 
TOP OF THE 1ST
Kannapolis Intimidators batting - Pitching for Delmarva Shorebirds : RHP Tim Kull
Pitching: RHP Tim Kull
Batting: LHB John Thurman 0-0: Called Strike
0-1: Ball
1-1: Swinging Strike
1-2: Ball
2-2: Ball
3-2: Strikes out swinging
Batting: RHB Mike Warzecha 0-0: Fly out, F8 (Line Drive, 8LD, EV 101.9 MPH)
Batting: LHB Dustin Taylor 0-0: Foul Ball, location: 2F
0-1: Ball
1-1: Ball
2-1: Fly out, F8 (Flyball, 78D, EV 98.1 MPH)
Top of the 1st over - 0 runs, 0 hits, 0 errors, 0 left on base; Kannapolis 0 - Delmarva 0
BOTTOM OF THE 1ST
Delmarva Shorebirds batting - Pitching for Kannapolis Intimidators : RHP Dan Lay
Pitching: RHP Dan Lay
Batting: RHB Michel Kamphuis 0-0: Called Strike
0-1: Ball
1-1: Ball
2-1: Called Strike
2-2: Ball
3-2: Foul Ball, location: 2F
3-2: Strikes out looking
Batting: RHB Francisco Viera 0-0: Called Strike
0-1: Ball
1-1: Swinging Strike
1-2: Foul Ball, location: 2F
1-2: Ball
2-2: Foul Ball, location: 2F
2-2: SOLO HOME RUN (Line Drive, 7D, EV 103.8 MPH), Distance : 394 ft
Batting: LHB Raul Rojas 0-0: Ball
1-0: Ball
2-0: Fly out, F7 (Flyball, 7, EV 91.9 MPH)
Batting: SHB Justin Toth 0-0: Swinging Strike
0-1: Ball
1-1: Called Strike
1-2: Ball
2-2: Strikes out swinging
Bottom of the 1st over - 1 run, 1 hit, 0 errors, 0 left on base; Kannapolis 0 - Delmarva 1
TOP OF THE 2ND
Kannapolis Intimidators batting - Pitching for Delmarva Shorebirds : RHP Tim Kull
Batting: LHB Angel Tellez 0-0: Swinging Strike
0-1: Called Strike
0-2: Ball
1-2: Ball
2-2: Ball
3-2: Foul Ball, location: 2F
3-2: Base on Balls
Batting: RHB Jose Medina 0-0: Reached on error, E6 (Groundball, 6, EV 81.9 MPH)
Angel Tellez to second
Batting: LHB Alberto Carrasco 0-0: Ball
1-0: Grounds into double play, 6-4-3 (Groundball, 6, EV 85.6 MPH)
Angel Tellez to third
Batting: RHB Micah Brown 0-0: Ball
1-0: Fly out, F8 (Flyball, 8RM, EV 74.4 MPH)
Top of the 2nd over - 0 runs, 0 hits, 1 error, 1 left on base; Kannapolis 0 - Delmarva 1
BOTTOM OF THE 2ND
Delmarva Shorebirds batting - Pitching for Kannapolis Intimidators : RHP Dan Lay
Batting: LHB Andrew Erens 0-0: Called Strike
0-1: Ground out 6-3 (Groundball, 6, EV 88.8 MPH)
Batting: RHB Alex Jacobo 0-0: Ball
1-0: Foul Ball, location: 2F
1-1: SINGLE (Groundball, 34D, EV 102.5 MPH)
Batting: RHB Kiyuu del Castillo 0-0: Ball
1-0: Ball
2-0: Ball
3-0: Called Strike
3-1: Foul Ball, location: 2F
3-2: Foul Ball, location: 2F
3-2: Base on Balls
Alex Jacobo to second
Batting: LHB Momoru Yasui 0-0: Ball
1-0: Ball
2-0: 3-RUN HOME RUN (Flyball, 9D, EV 96.9 MPH), Distance : 358 ft
Batting: RHB Julio Ehm 0-0: Swinging Strike
0-1: Swinging Strike
0-2: Ball
1-2: Ball
2-2: Strikes out swinging
Batting: RHB Michel Kamphuis 0-0: Ball
1-0: Called Strike
1-1: Swinging Strike
1-2: Ball
2-2: Foul Ball, location: 2F
2-2: Strikes out looking
Bottom of the 2nd over - 3 runs, 2 hits, 0 errors, 0 left on base; Kannapolis 0 - Delmarva 4
TOP OF THE 3RD
Kannapolis Intimidators batting - Pitching for Delmarva Shorebirds : RHP Tim Kull
Batting: RHB Benny O'Connor 0-0: Called Strike
0-1: Swinging Strike
0-2: Foul Ball, location: 2F
0-2: Foul Ball, location: 2F
0-2: Foul Ball, location: 2F
0-2: Ball
1-2: Strikes out swinging
Batting: RHB Danny Longoria 0-0: Called Strike
0-1: Foul Ball, location: 2F
0-2: Ball
1-2: SINGLE (Groundball, 56D, EV 99.4 MPH)
Batting: LHB John Thurman 0-0: Ball
Wild Pitch!
Danny Longoria to second
1-0: Ball
2-0: Foul Ball, location: 2F
2-1: Ground out 4-3 (Groundball, 4M, EV 83.1 MPH)
Danny Longoria to third
Batting: RHB Mike Warzecha 0-0: Ball
1-0: Foul Ball, location: 2F
1-1: Ground out 5-3 (Groundball, 56, EV 83.1 MPH)
Top of the 3rd over - 0 runs, 1 hit, 0 errors, 1 left on base; Kannapolis 0 - Delmarva 4
BOTTOM OF THE 3RD
Delmarva Shorebirds batting - Pitching for Kannapolis Intimidators : RHP Dan Lay
Batting: RHB Francisco Viera 0-0: Called Strike
0-1: Called Strike
0-2: Ball
1-2: Strikes out looking
Batting: LHB Raul Rojas 0-0: Ball
1-0: Fly out, F5 (Popup, 5F, EV 69.4 MPH)
Batting: SHB Justin Toth 0-0: Swinging Strike
0-1: Called Strike
0-2: Strikes out swinging
Bottom of the 3rd over - 0 runs, 0 hits, 0 errors, 0 left on base; Kannapolis 0 - Delmarva 4
TOP OF THE 4TH
Kannapolis Intimidators batting - Pitching for Delmarva Shorebirds : RHP Tim Kull
Batting: LHB Dustin Taylor 0-0: Ball
1-0: Ball
2-0: Fly out, F7 (Flyball, 78XD, EV 103.1 MPH)
Batting: LHB Angel Tellez 0-0: Ball
1-0: Ball
2-0: Swinging Strike
2-1: Ball
3-1: Base on Balls
Batting: RHB Jose Medina 0-0: Ball
1-0: Foul Ball, location: 2F
1-1: Ball
2-1: Foul Ball, location: 2F
2-2: Foul Ball, location: 2F
2-2: Foul Ball, location: 2F
2-2: Strikes out swinging
Batting: LHB Alberto Carrasco 0-0: Ball
1-0: Called Strike
Angel Tellez steals 2nd base
1-1: Fly out, F9 (Flyball, 9S, EV 91.9 MPH)
Top of the 4th over - 0 runs, 0 hits, 0 errors, 1 left on base; Kannapolis 0 - Delmarva 4
BOTTOM OF THE 4TH
Delmarva Shorebirds batting - Pitching for Kannapolis Intimidators : RHP Dan Lay
Pitching: LHP Ienari Kitahara
Batting: LHB Andrew Erens 0-0: Called Strike
0-1: Fly out, F8 (Flyball, 8LD, EV 86.2 MPH)
Batting: RHB Alex Jacobo 0-0: Ball
1-0: Called Strike
1-1: Ball
2-1: Ball
3-1: Base on Balls
Batting: RHB Kiyuu del Castillo 0-0: Ball
1-0: Called Strike
1-1: Swinging Strike
1-2: Foul Ball, location: 2F
1-2: Hit by Pitch
Alex Jacobo to second
Batting: LHB Momoru Yasui 0-0: Fly out, F8 (Flyball, 8LM, EV 99.4 MPH)
Batting: RHB Julio Ehm 0-0: Called Strike
0-1: Foul Ball, location: 2F
0-2: Ball
1-2: Strikes out swinging
Bottom of the 4th over - 0 runs, 0 hits, 0 errors, 2 left on base; Kannapolis 0 - Delmarva 4
TOP OF THE 5TH
Kannapolis Intimidators batting - Pitching for Delmarva Shorebirds : RHP Tim Kull
Batting: RHB Micah Brown 0-0: Called Strike
0-1: Ball
1-1: Ball
2-1: Swinging Strike
2-2: Strikes out swinging
Batting: RHB Benny O'Connor 0-0: Called Strike
0-1: Ball
1-1: Ball
2-1: Ball
3-1: Base on Balls
Batting: RHB Danny Longoria 0-0: Swinging Strike
0-1: Fly out, F8 (Flyball, 8RXD, EV 97.5 MPH)
Batting: LHB John Thurman 0-0: Called Strike
0-1: Swinging Strike
0-2: DOUBLE (Line Drive, 8LXD, EV 103.1 MPH)
Benny O'Connor to third
Batting: RHB Mike Warzecha 0-0: Ball
1-0: Ball
2-0: Foul Ball, location: 2F
2-1: Foul Ball, location: 2F
2-2: Ball
3-2: Foul Ball, location: 2F
3-2: Fly out, F9 (Flyball, 9, EV 82.5 MPH)
Top of the 5th over - 0 runs, 1 hit, 0 errors, 2 left on base; Kannapolis 0 - Delmarva 4
BOTTOM OF THE 5TH
Delmarva Shorebirds batting - Pitching for Kannapolis Intimidators : LHP Ienari Kitahara
Batting: RHB Michel Kamphuis 0-0: Ball
1-0: Called Strike
1-1: Foul Ball, location: 2F
1-2: Ball
2-2: Strikes out swinging
Batting: RHB Francisco Viera 0-0: Ball
1-0: Called Strike
1-1: Foul Ball, location: 2F
1-2: Ball
2-2: Foul Ball, location: 2F
2-2: Ball
3-2: Strikes out swinging
Batting: LHB Raul Rojas 0-0: Called Strike
0-1: Called Strike
0-2: Foul Ball, location: 2F
0-2: Single, Error in OF, E8, batter to second base (Groundball, 4MD, EV 105.0 MPH)
Batting: SHB Justin Toth 0-0: 2-RUN HOME RUN (Flyball, 7D, EV 94.4 MPH), Distance : 375 ft
Batting: LHB Andrew Erens 0-0: Foul Ball, location: 2F
0-1: Ball
1-1: Foul Ball, location: 2F
1-2: Hit by Pitch
Batting: RHB Alex Jacobo 0-0: Ball
1-0: Called Strike
1-1: Ball
2-1: Called Strike
2-2: Foul Ball, location: 2F
2-2: Foul Ball, location: 2F
2-2: Foul Ball, location: 2F
2-2: Fly out, F8 (Line Drive, 8LD, EV 92.5 MPH)
Bottom of the 5th over - 2 runs, 2 hits, 1 error, 1 left on base; Kannapolis 0 - Delmarva 6
TOP OF THE 6TH
Kannapolis Intimidators batting - Pitching for Delmarva Shorebirds : RHP Tim Kull
Pitching: LHP John Dyer
Batting: LHB Dustin Taylor 0-0: Ball
1-0: Ball
2-0: Ball
3-0: Called Strike
3-1: Called Strike
3-2: Foul Ball, location: 2F
3-2: SINGLE (Groundball, 3D, EV 96.9 MPH)
Batting: LHB Angel Tellez 0-0: Called Strike
0-1: Ball
1-1: Ball
2-1: Foul Ball, location: 2F
2-2: Fielders Choice at 2nd, 4-6 (Groundball, 34, EV 95.6 MPH)
Batting: RHB Jose Medina 0-0: Ball
1-0: Foul Ball, location: 2F
1-1: SINGLE (Groundball, 56D, EV 97.5 MPH)
Angel Tellez to second
Batting: LHB Alberto Carrasco 0-0: Swinging Strike
0-1: Fly out, F7 (Flyball, 7S, EV 76.9 MPH)
Batting: RHB Micah Brown 0-0: Ball
1-0: Ball
2-0: Ground out 3-1 (Groundball, 34S, EV 79.4 MPH)
Top of the 6th over - 0 runs, 2 hits, 0 errors, 2 left on base; Kannapolis 0 - Delmarva 6
BOTTOM OF THE 6TH
Delmarva Shorebirds batting - Pitching for Kannapolis Intimidators : LHP Ienari Kitahara
Batting: RHB Kiyuu del Castillo 0-0: Ball
1-0: Ball
2-0: Called Strike
2-1: Called Strike
2-2: Strikes out looking
Batting: LHB Momoru Yasui 0-0: Called Strike
0-1: Ball
1-1: Called Strike
1-2: Strikes out swinging
Batting: RHB Julio Ehm 0-0: Ball
1-0: DOUBLE (Line Drive, 9D, EV 87.5 MPH)
Batting: RHB Michel Kamphuis 0-0: Ball
1-0: Called Strike
1-1: Foul Ball, location: 2F
1-2: Ball
2-2: Foul Ball, location: 2F
2-2: Foul Ball, location: 2F
2-2: Strikes out swinging
Bottom of the 6th over - 0 runs, 1 hit, 0 errors, 1 left on base; Kannapolis 0 - Delmarva 6
TOP OF THE 7TH
Kannapolis Intimidators batting - Pitching for Delmarva Shorebirds : LHP John Dyer
Batting: RHB Benny O'Connor 0-0: Called Strike
0-1: Swinging Strike
0-2: Foul Ball, location: 2F
0-2: Ball
1-2: Ball
2-2: Strikes out swinging
Batting: RHB Danny Longoria 0-0: Ball
1-0: Ball
2-0: Ball
3-0: Base on Balls
Batting: LHB John Thurman 0-0: Ball
1-0: Called Strike
1-1: Foul Ball, location: 2F
1-2: Ball
2-2: Foul Ball, location: 2F
2-2: Grounds into double play, 4-6-3 (Groundball, 4, EV 106.9 MPH)
Top of the 7th over - 0 runs, 0 hits, 0 errors, 0 left on base; Kannapolis 0 - Delmarva 6
BOTTOM OF THE 7TH
Delmarva Shorebirds batting - Pitching for Kannapolis Intimidators : LHP Ienari Kitahara
Pitching: RHP Jose Leal
Batting: RHB Francisco Viera 0-0: Foul Ball, location: 2F
0-1: Foul Ball, location: 2F
0-2: Ball
1-2: Fly out, F5 (Line Drive, 5, EV 61.9 MPH)
Batting: LHB Raul Rojas 0-0: Called Strike
0-1: Ball
1-1: Foul Ball, location: 2F
1-2: Fly out, F7 (Line Drive, 7D, EV 90.0 MPH)
Batting: SHB Justin Toth 0-0: Called Strike
0-1: Ball
1-1: Ball
2-1: Foul Ball, location: 2F
2-2: Ball
3-2: Base on Balls
Batting: LHB Andrew Erens 0-0: Ball
1-0: Called Strike
1-1: Ball
2-1: Ball
3-1: Base on Balls
Justin Toth to second
Batting: RHB Alex Jacobo 0-0: Ball
1-0: Ball
2-0: Ball
3-0: Called Strike
3-1: Base on Balls
Justin Toth to third
Andrew Erens to second
Batting: RHB Kiyuu del Castillo 0-0: Ball
1-0: Called Strike
1-1: Ball
2-1: Fly out, F8 (Flyball, 78XD, EV 80.0 MPH)
Bottom of the 7th over - 0 runs, 0 hits, 0 errors, 3 left on base; Kannapolis 0 - Delmarva 6
TOP OF THE 8TH
Kannapolis Intimidators batting - Pitching for Delmarva Shorebirds : LHP John Dyer
Batting: RHB Mike Warzecha 0-0: Called Strike
0-1: Ball
1-1: Ball
2-1: Ball
3-1: Fly out, F8 (Flyball, 78D, EV 100.0 MPH)
Pitching: RHP Toshiyuki Funaki
Batting: LHB Dustin Taylor 0-0: Called Strike
0-1: Called Strike
0-2: Ball
1-2: Ball
2-2: Ball
3-2: DOUBLE (Line Drive, 89D, EV 100.6 MPH) - OUT at third base trying to stretch hit.
Batting: LHB Angel Tellez 0-0: Foul Ball, location: 2F
0-1: Foul Ball, location: 2F
0-2: Foul Ball, location: 2F
0-2: Ball
1-2: Foul Ball, location: 2F
1-2: Reached on error, E5 (Groundball, 6, EV 88.1 MPH)
Batting: RHB Jose Medina 0-0: Called Strike
0-1: Ball
1-1: Swinging Strike
1-2: Fielders Choice at 2nd, 5-4 (Groundball, 56D, EV 103.1 MPH)
Top of the 8th over - 0 runs, 1 hit, 1 error, 1 left on base; Kannapolis 0 - Delmarva 6
BOTTOM OF THE 8TH
Delmarva Shorebirds batting - Pitching for Kannapolis Intimidators : RHP Jose Leal
Batting: LHB Momoru Yasui 0-0: Swinging Strike
0-1: Ball
1-1: Foul Ball, location: 2F
1-2: Foul Ball, location: 2F
1-2: Strikes out swinging
Batting: RHB Julio Ehm 0-0: Ground out 6-3 (Groundball, 6MS, EV 80.6 MPH)
Batting: RHB Michel Kamphuis 0-0: Ball
1-0: Ball
2-0: Foul Ball, location: 2F
2-1: Ground out 5-3 (Groundball, 56S, EV 83.1 MPH)
Bottom of the 8th over - 0 runs, 0 hits, 0 errors, 0 left on base; Kannapolis 0 - Delmarva 6
TOP OF THE 9TH
Kannapolis Intimidators batting - Pitching for Delmarva Shorebirds : RHP Toshiyuki Funaki
Batting: LHB Alberto Carrasco 0-0: Called Strike
0-1: Swinging Strike
0-2: DOUBLE (Line Drive, 78D, EV 103.8 MPH)
Batting: RHB Micah Brown 0-0: Foul Ball, location: 2F
0-1: SINGLE (Groundball, 3D, EV 94.4 MPH)
Alberto Carrasco to third
Batting: RHB Benny O'Connor 0-0: Foul Ball, location: 2F
0-1: Fly out, F8 (Flyball, 8LM, EV 89.4 MPH)
Pinch Hitting: LHB Victor Lema 0-0: Called Strike
0-1: Grounds into double play, 4-6-3 (Groundball, 4, EV 79.4 MPH)
Top of the 9th over - 0 runs, 2 hits, 0 errors, 1 left on base; Kannapolis 0 - Delmarva 6
Thursday, March 31st , 2022 - OOTP Baseball 22.12 Build 89